 Dungeon Crawl Stone Soup version 0.29.1-2-gbd0b4ee654 (webtiles) character file.

Game seed: 8286508902400853562

1642 Hadkhar the Blocker (level 9, -7/71 HPs)
             Began as a Formicid Fighter on Nov 11, 2022.
             Was an Initiate of Qazlal.
             Hit by a large rock thrown by a stone giant (35 damage)
             ... created by the fury of Okawaru
             ... on level 6 of the Dungeon.
             The game lasted 00:22:58 (6164 turns).

Hadkhar the Blocker (Formicid Fighter)              Turns: 6164, Time: 00:22:59

Health: -7/71      AC:  7    Str: 26    XL:     9   Next: 19%
Magic:  9/9        EV:  9    Int:  7    God:    Qazlal [......]
Gold:   224        SH:  7    Dex: 19    Spells: 8/8 levels left

rFire   . . .      SeeInvis +   o - +3 mace (drain)
rCold   . . .      Faith    .   c - +0 buckler
rNeg    . . .      Spirit   .   b - +0 scale mail
rPois   .          Reflect  .   (helmet unavailable)
rElec   .          Harm     .   (no cloak)
rCorr   .          Rampage  .   (no gloves)
Will    .....                   (no boots)
Stlth   ..........              (no amulet)
HPRegen 0.21/turn               p - +6 ring of dexterity
MPRegen 0.11/turn               (no ring)

@: no status effects
A: permanent stasis, dig shafts and tunnels, antennae 3, four strong arms
a: Dig, Shaft Self, Renounce Religion


You were on level 6 of the Dungeon.
You worshipped Qazlal.
Qazlal was noncommittal.
You visited 2 branches of the dungeon, and saw 7 of its levels.

You collected 224 gold pieces.

Inventory:

Hand Weapons
 a - a +0 war axe
 o - a +3 mace of draining (weapon)
 r - a +2 vorpal hand axe
Missiles
 v - 2 throwing nets (quivered)
Armour
 b - a +0 scale mail (worn)
 c - a +0 buckler (worn)
 z - a +0 pair of boots
Jewellery
 p - a +6 ring of dexterity (left hand)
Wands
 x - a wand of mindburst (1)
Scrolls
 e - 3 scrolls of fear
 f - 2 scrolls of poison
 g - a scroll of magic mapping {unknown}
 h - 2 scrolls of vulnerability {unknown}
 k - 4 scrolls of identify {unknown}
 m - a scroll of brand weapon {unknown}
 n - a scroll of butterflies {unknown}
 q - a scroll of enchant weapon {unknown}
 t - a scroll of immolation {unknown}
 w - a scroll of enchant armour {unknown}
 y - a scroll of torment {unknown}
Potions
 d - a potion of berserk rage {unknown}
 i - 2 potions of flight {unknown}
 j - 3 potions of heal wounds {unknown}
 l - a potion of brilliance {unknown}
 s - 3 potions of haste {unknown}
 u - 3 potions of curing {unknown}


   Skills:
 + Level 6.8 Fighting
 - Level 2.8(4.2) Axes
 + Level 4.9(5.2) Maces & Flails
 + Level 6.9 Armour
 + Level 8.2 Shields


You had 8 spell levels left.
You didn't know any spells.
Your spell library was empty.

Dungeon Overview and Level Annotations

Branches:
Dungeon (6/15)             Temple (1/1) D:5

Altars:
Ashenzari
Cheibriados
Dithmenos
Elyvilon
Fedhas
Gozag
Hepliaklqana
Makhleb
Okawaru
Qazlal
Ru
Sif Muna
Trog
Wu Jian
Xom
Yredelemnul
Zin

Shops:
D:5 ?


Innate Abilities, Weirdness & Mutations

You cannot be hasted, slowed, berserked, paralysed or teleported.
You can dig through walls and to a lower floor.
You have a pair of large antennae on your head. (SInv)
Your four strong arms can wield two-handed weapons with a shield.


Message History

You feel sick. The water moccasin closely misses you.
The phantom hits you but does no damage.
You barely miss the water moccasin.
The water moccasin is almost dead.
You feel sick. The water moccasin bites you.
You are more poisoned.
The water moccasin poisons you!
The water moccasin completely misses you.
The phantom hits you but does no damage.
You hit the water moccasin.
You kill the water moccasin!
Qazlal accepts your kill.
You feel very sick. You block the phantom's attack.
You thump the phantom!
The phantom is heavily damaged.
You feel sick. You block the phantom's attack.
You hit the phantom.
The phantom is severely damaged.
You feel sick. The phantom hits you.
You hit the phantom.
The phantom is severely damaged.
You feel sick. The phantom hits you.
You sock the phantom!
You destroy the phantom!
Qazlal accepts your kill.
You feel sick.
You start resting.
You feel sick. x3
You are no longer poisoned.
You start resting.
Okawaru sends forces against you!
A cyclops and a stone giant come into view.
Press: ? - help, v - describe, . - travel
Here: a stone giant, quivering large rocks (durably summoned)
The floor.
The stone giant throws a large rock.
You block the large rock.
The cyclops throws a large rock.
You block the large rock.
The stone giant throws a large rock.
The large rock barely misses you.
The stone giant throws a large rock.
The large rock hits you!!
You die...

.............#
.............# ##
.............# ...
.............#+######...
..........C.............
..........C.............
........................
........................
####............@.......
# #....................
# #....................
# #.........########...
# #.........# .. #
.........# . # ........+
# ....... + #


You could see a stone giant and a cyclops.

Vanquished Creatures
  A water moccasin (D:6)
  2 ice beasts
  2 ogres
  2 kobold brigands (D:4)
  A phantom (D:6)
  5 scorpions
  A howler monkey (D:6)
  3 jellies
  3 orc priests
  3 iguanas
  Jessica (D:2)
  4 orc wizards
  Robin (D:2)
  A gnoll (D:5)
  10 adders
  A worm (D:2)
  A dart slug (D:4)
  26 orcs
  A bat (D:1)
  6 endoplasms
  7 giant cockroaches
  14 goblins
  8 hobgoblins
  4 jackals (D:4)
  6 quokkas
  6 ball pythons
  3 frilled lizards
  8 kobolds
  4 rats
135 creatures vanquished.

Vanquished Creatures (others)
  6 plants (D:2)
6 creatures vanquished.

Grand Total: 141 creatures vanquished

Notes
Turn   | Place    | Note
-------+----------+-------------------------------------------
     0 | D:1      | Hadkhar the Formicid Fighter began the quest for the Orb.
     0 | D:1      | Reached XP level 1. HP: 18/18 MP: 1/1
   409 | D:1      | Reached XP level 2. HP: 21/24 MP: 2/2
   870 | D:2      | Reached XP level 3. HP: 12/29 MP: 3/3
  1697 | D:2      | Reached XP level 4. HP: 37/37 MP: 4/4
  1930 | D:2      | Noticed Robin
  1940 | D:2      | Killed Robin
  2029 | D:2      | Noticed Jessica
  2031 | D:2      | Killed Jessica
  2032 | D:2      | Reached XP level 5. HP: 42/42 MP: 5/5
  2170 | D:3      | Reached skill level 5 in Shields
  2582 | D:3      | Reached skill level 1 in Maces & Flails
  2600 | D:3      | Reached XP level 6. HP: 44/49 MP: 6/6
  3214 | D:4      | Noticed an ogre
  3222 | D:4      | Killed an ogre
  3481 | D:4      | Reached XP level 7. HP: 55/55 MP: 7/7
  3491 | D:4      | Reached skill level 5 in Fighting
  3491 | D:4      | Reached skill level 5 in Armour
  3491 | D:4      | Reached skill level 6 in Shields
  3888 | D:4      | Reached XP level 8. HP: 48/61 MP: 8/8
  4368 | D:5      | Entered Level 5 of the Dungeon
  4371 | D:5      | Found a bloodstained altar of Trog.
  4373 | D:5      | Found Syaseix's Magic Scroll Emporium.
  4526 | D:4      | Reached skill level 7 in Shields
  5328 | D:5      | Found a staircase to the Ecumenical Temple.
  5443 | Temple   | Entered the Ecumenical Temple
  5518 | Temple   | Became a worshipper of Warmaster Okawaru
  5729 | D:6      | Reached XP level 9. HP: 42/68 MP: 9/9
  6011 | D:6      | Reached skill level 8 in Shields
  6011 | D:6      | Found a stormy altar of Qazlal.
  6018 | D:6      | Fell from the grace of Okawaru
  6018 | D:6      | Became a worshipper of Qazlal Stormbringer
  6154 | D:6      | Noticed a cyclops
  6154 | D:6      | Noticed a stone giant
  6164 | D:6      | Hit by a large rock thrown by a stone giant

Illustrated notes

Levels and vault maps discovered:
D:1:      dpeg_arrival_solitude, layout_basic
D:2:      wad_lake_hut, layout_loops_corners, minivault_4, chequers_jeans,
          minmay_misc_feat_diagonals, uniq_jessica, uniq_robin
D:3:      layout_loops_ring
D:4:      cheibrodos_thug_alley, layout_loops_ring, serial_glass,
          glass_columns_a, glass_columns_a, glass_columns_a, glass_columns_b
D:5:      layout_rooms, mainiacjoe_overflow_alcove_1, temple_fountains,
          serial_shops, shop, kennysheep_small_spiral, serial_park_tiny_2
D:6:      layout_gridville, nicolae_qazlal_style_of_elements,
          mainiacjoe_overflow_alcove_2, tgw_kikubaaqudgha
Temple:   hellmonk_temple_of_storms

Skill      XL: |  1  2  3  4  5  6  7  8  9 |
---------------+----------------------------+-----
Armour         | 4 5 6 |  6.9
Fighting       | 4 5 6 |  6.8
Shields        | 5 6 7 8 |  8.2
Maces & Flails | 1 2 3 4 |  4.9
Axes           | |  2.8

Action                   |  1- 3 |  4- 6 |  7- 9 || total
-------------------------+-------+-------+-------++-------
Melee: War axe           |    98 |    12 |       ||   110
       Mace              |       |   102 |   174 ||   276
 Abil: Dig               |       |     1 |     2 ||     3
  Use: Scroll            |     1 |     2 |       ||     3
       Potion            |       |       |     1 ||     1
Armor: Scale mail        |    47 |    45 |    67 ||   159
Dodge: Dodged            |    53 |    40 |    55 ||   148
Block: Buckler           |    31 |    23 |    53 ||   107
